AoeStats
← 17_Neo_

Arabia

508040181Analyzed
1v1 RM · 11d ago on Sep 20, 2026· 51m 31s· 2 players
Game mode
Random Map
Map size
Tiny (2 player)
Population
200
Speed
Normal
Resources
Standard
Victory
Conquest
Starting age
Dark Age
Ending age
Imperial Age
RankedLock teamsTeams togetherTeam positionsShared explorationLock speedFull tech treeHidden civsTurbo modeCheats
Victory
Defeat
🇨🇴 Japanese · Colombia
1624
+17
🇨🇴 Vietnamese · Colombia
1640
-17
17_Neo_
8:12 Loom
10:37 Feudal Age
12:31 Fletching
15:40 Padded Archer Armor
18:24 Double-Bit Axe
23:10 Wheelbarrow
26:47 Castle Age
26:31 Scale Barding Armor
26:36 Forging
26:27 Horse Collar
26:37 Gold Mining
27:36 Bloodlines
27:54 Chain Barding Armor
28:01 Bloodlines
28:10 Husbandry
31:32 Town Watch
42:35 Light Cavalry
AoE2 ANGEL
6:44 Loom
9:19 Feudal Age
9:48 Double-Bit Axe
9:44 Horse Collar
14:52 Fletching
15:36 Padded Archer Armor
25:43 Castle Age
26:33 Bodkin Arrow
26:01 Elite Skirmisher
27:48 Wheelbarrow
28:06 Bow Saw
27:56 Heavy Plow
28:28 Ballistics
30:45 Gold Mining
31:44 Husbandry
32:08 Hand Cart
32:15 Bloodlines
35:39 Scale Barding Armor
45:55 Guard Tower
Connection lost

Rejoining the realm…

Still unreachable

The connection could not be restored.

Session expired

The server has moved on; the page needs a fresh start.